AoeStats
← Trailer park supervisor

Arabia

513463189Analyzed
1v1 RM · 7d ago on Oct 13, 2026· 43m 50s· 2 players
Game mode
Random Map
Map size
Tiny (2 player)
Population
200
Speed
Normal
Resources
Standard
Victory
Conquest
Starting age
Dark Age
Ending age
Imperial Age
RankedLock teamsTeams togetherTeam positionsShared explorationLock speedFull tech treeHidden civsTurbo modeCheats
Victory
Defeat
🇨🇭 Britons · Switzerland
837
+17
vs
🇨🇴 Slavs · Colombia
851
-17
tim.hornung13
5:33 Loom
8:28 Feudal Age
9:31 Double-Bit Axe
9:29 Horse Collar
22:02 Castle Age
20:22 Gold Mining
20:23 Stone Mining
21:46 Padded Archer Armor
22:26 Fletching
25:05 Wheelbarrow
24:16 Town Watch
24:31 Bodkin Arrow
25:30 Crossbowman
26:57 Ballistics
27:24 Hand Cart
29:14 Town Patrol
32:38 Gold Shaft Mining
32:22 Leather Archer Armor
37:30 Imperial Age
36:16 Bow Saw
36:09 Heavy Plow
37:35 Arbalester
38:20 Bracer
39:28 Chemistry
41:05 Ring Archer Armor
41:07 Yeomen
41:50 Warwolf
43:21 Elite Longbowman
Trailer park supervisor
10:47 Loom
13:06 Feudal Age
13:49 Double-Bit Axe
14:11 Man-at-Arms
16:19 Gold Mining
16:59 Forging
24:07 Castle Age
23:59 Scale Mail Armor
24:36 Pikeman
25:29 Long Swordsman
28:37 Light Cavalry
31:42 Horse Collar
33:08 Bloodlines
34:01 Squires
37:22 Scale Barding Armor
37:19 Husbandry
38:39 Gold Shaft Mining
39:35 Wheelbarrow
42:50 Chain Barding Armor
Connection lost

Rejoining the realm…

Still unreachable

The connection could not be restored.

Session expired

The server has moved on; the page needs a fresh start.